 Dungeon Crawl Stone Soup version 0.30-a0-883-g5ad918d77d (webtiles) character file.

Game seed: 3650149713636447504

440 Sanktem7 the Chopper (level 6, -8/56 HPs)
             Began as a Minotaur Fighter on Mar 16, 2023.
             Killed by nerve-wracking pain
             ... invoked by an orc priest
              (14 damage)
             ... on level 4 of the Dungeon.
             The game lasted 00:02:50 (2363 turns).

Sanktem7 the Chopper (Minotaur Fighter)             Turns: 2363, Time: 00:02:50

Health: -8/56      AC:  7    Str: 22    XL:     6   Next: 70%
Magic:  5/5        EV:  9    Int:  5    God:
Gold:   106        SH:  5    Dex: 10    Spells: 5/5 levels left

rFire   . . .      SeeInvis .    a - +2 war axe {axe}
rCold   . . .      Faith    .    c - +0 buckler
rNeg    . . .      Spirit   .    b - +0 scale mail
rPois   .          Reflect  .    (helmet restricted)
rElec   .          Rampage  .    (no cloak)
rCorr   .                        (no gloves)
Will    .....                    (no boots) Stlth
                                 (no amulet)
HPRegen 0.29/turn                (no ring)
MPRegen 0.09/turn                (no ring)

@: no status effects
A: horns 2, retaliatory headbutt
a: no special abilities


You were on level 4 of the Dungeon.
You visited 1 branch of the dungeon, and saw 4 of its levels.

You collected 106 gold pieces.


Innate Abilities, Weirdness & Mutations

You have a pair of horns on your head.
You reflexively headbutt those who attack you in melee.


   Skills:
 + Level 5.2 Fighting
 * Level 5.8 Axes
 + Level 5.1 Armour
 + Level 5.2 Shields


You had 5 spell levels left.
You didn't know any spells.
Your spell library contained the following spells:

 Spells                   Type           Power      Damage    Failure   Level
 Conjure Ball Lightning   Conj/Air       0%         3x3d6     100%        6
 Discord                  Hex            0%         N/A       100%        8
 Disjunction              Tloc           0%         N/A       100%        8

Inventory:

Hand Weapons
 a - a +2 war axe (weapon) {axe}
Missiles
 e - 28 stones (quivered) {throwing}
 i - 6 atropa-tipped darts {throwing}
 j - 9 poisoned darts {throwing}
Armour
 b - a +0 scale mail (worn)
 c - a +0 buckler (worn)
Jewellery
 o - a ring of positive energy
   (You found it on level 2 of the Dungeon)
Wands
 s - a wand of charming (4)
   (You found it on level 4 of the Dungeon)
Scrolls
 f - a scroll of enchant weapon
 h - a scroll of magic mapping {!r}
 k - a scroll of enchant armour {unknown}
 m - a scroll of amnesia
 n - 2 scrolls of fear {unknown}
 q - a scroll of immolation {unknown}
Potions
 d - a potion of might
 g - a potion of heal wounds {unknown}
 l - a potion of ambrosia
 p - a potion of cancellation {unknown}
 r - a potion of mutation {unknown}

Dungeon Overview and Level Annotations

Branches:
Dungeon (4/15) Zot: 21604
 Temple: D:4-7

Altars:
Ashenzari

... ##...
#.....#.############..#.
#.......................
#.......#######...#.....
#.....##### ###.........
#.........###.......###.
....................###.
#.....).................
#....r)@........####....
#.....oo.....†..# #.###
.............##†# #.# #
#...............#
#.###..#...###### #
#....... ......#..
....####... ## ####


You could see an orc priest, an orc and a quokka.


Message History

You completely miss the dart slug. The dart slug barely misses you.
You slash the dart slug!
You kill the dart slug! 😕 HP[+1]
The quokka bites you. You block the quokka's attack. 😕 HP[-4]
You take 4 damage, and now have 47/56 hp.
You hit the quokka.
You kill the quokka!
No target in view!
No target in view!
No target in view!
No target in view!
s - a wand of charming (4) 😎 HP[+9]
Your hp is fully restored (56).
You now have 106 gold pieces (gained 11).
e - 28 stones {throwing} (gained 1)
A scorpion comes into view.
An orc wizard comes into view. It is wielding a +0 dagger.
There are monsters nearby!
The orc wizard shouts!
You hit the scorpion. The scorpion stings you.
The orc wizard gestures wildly while chanting.
The orc wizard flickers and vanishes!
Deactivating autopickup; reactivate with Ctrl-A. 😕 HP[-3]
You take 3 damage, and now have 53/56 hp.
You completely miss the scorpion. The scorpion completely misses you.
An orc priest comes into view. It is wielding a +0 dagger.
The scorpion barely misses you.
You barely miss the scorpion. You barely miss something.
The scorpion barely misses you. Something hits you but does no damage.
An orc comes into view. It is wielding a +0 war axe.
The scorpion stings you but does no damage.
The orc shouts!
You hit the scorpion.
You headbutt the scorpion, but do no damage.
You slash something! Something hits you.
The scorpion stings you but does no damage.
You slash the scorpion! Your headbutt misses the scorpion. You miss something.
The orc priest calls down the wrath of Beogh upon you.
Beogh smites you!
An orc comes into view. It is wielding a +0 whip.
Something hits you. You block the scorpion's attack.
You hear some strange, mumbled words.
Something tries to affect you, but you resist.
An orc comes into view. It is wielding a +0 mace.
You block the scorpion's attack. 😮 HP[-14]
You take 14 damage, and now have 39/56 hp.
MASSIVE DAMAGE!! (PAUSE)
The orc shouts!
You slash the scorpion!
You kill the scorpion!
You miss something.
The orc priest calls down the wrath of Beogh upon you.
Beogh smites you!
* * * LOW HITPOINT WARNING * * *
Something hits you.
* * * LOW HITPOINT WARNING * * *
😨 HP[-14]
You take 14 damage, and now have 25/56 hp.
MASSIVE DAMAGE!! (PAUSE)
Something hits you.
* * * LOW HITPOINT WARNING * * *
You hit the orc. You barely miss something.
A quokka comes into view.
The orc barely misses you. Something hits you.
* * * LOW HITPOINT WARNING * * *
😨 HP[-3]
You take 3 damage, and now have 22/56 hp.
You closely miss the orc. You hit the orc priest. You miss something.
You block the orc's attack. Something hits you but does no damage.
The orc hits you with a +0 war axe.
* * * LOW HITPOINT WARNING * * *
Something hits you.
* * * LOW HITPOINT WARNING * * *
The orc priest hits you with a +0 dagger.
* * * LOW HITPOINT WARNING * * *
😱 HP[-12]
You take 12 damage, and now have 10/56 hp.
MASSIVE DAMAGE!! (PAUSE)
You hit the orc priest but do no damage.
Your headbutt misses the orc priest. You hit the orc. You closely miss the orc.
You hit something. You closely miss the orc.
The orc hits you but does no damage.
The orc priest hits you with a +0 dagger.
* * * LOW HITPOINT WARNING * * *
You block the orc's attack. x2; Something hits you but does no damage. 😱 HP[-4]
You take 4 damage, and now have 6/56 hp.
You closely miss the orc priest. You hit something. You slash the orc!
You kill the orc!
You slash the orc!
You kill the orc!
You closely miss the orc.
The orc priest invokes the aid of Beogh against you.
Pain shoots through your body!
You die...

Skill      XL: |  1  2  3  4  5  6 |
---------------+-------------------+-----
Axes           | 3 5 |  5.8
Fighting       | 4 5 |  5.2
Armour         | 4 5 |  5.1
Shields        | 4 5 |  5.2

Action                     |  1- 3 |  4- 6 || total
---------------------------+-------+-------++-------
  Melee: War axe           |    36 |    61 ||    97
         Headbutt          |     4 |     2 ||     6
    Use: Scroll            |       |     6 ||     6
 Armour: Scale mail        |    15 |    23 ||    38
  Dodge: Dodged            |    18 |    10 ||    28
  Block: Buckler           |    12 |    14 ||    26

Levels and vault maps discovered:
D:1:      psy_arrival_statuary, layout_basic,
          shapermc_ecumenical_altar_mp_urbaneastern, minmay_misc_feat_doors,
          minmay_crystal_room
D:2:      layout_loops_ring, uniq_sigmund, uniq_natasha, uniq_terence
D:3:      layout_rooms, mainiacjoe_overflow_concentric_impassable,
          grunt_ministairs_13, uniq_jessica
D:4:      layout_rooms

Notes
Turn   | Place    | Note
-------+----------+-------------------------------------------
     0 | D:1      | Sanktem7 the Minotaur Fighter began the quest for the Orb.
     0 | D:1      | Reached XP level 1. HP: 19/19 MP: 0/0
     0 | D:1      | magus.rc [v1.9.6]
    57 | D:1      | You pick up a book of Chaos and begin reading...
    57 | D:1      | You add the spells Conjure Ball Lightning, Disjunction and
                  | Discord to your library.
   199 | D:1      | Found a faded altar of an unknown god.
   263 | D:1      | Reached XP level 2. HP: 15/27 MP: 1/1
   398 | D:1      | Reached skill level 3 in Axes
   578 | D:2      | Noticed Natasha
   584 | D:2      | HP: 4/27 [Natasha (7)]
   585 | D:2      | Killed Natasha
   586 | D:2      | Reached skill level 4 in Fighting
   586 | D:2      | Reached skill level 4 in Armour
   586 | D:2      | Reached skill level 4 in Shields
   586 | D:2      | Reached XP level 3. HP: 5/33 MP: 2/2
   831 | D:2      | Noticed Natasha
   837 | D:2      | Killed Natasha
   838 | D:2      | Reached XP level 4. HP: 28/40 MP: 3/3
   922 | D:2      | Noticed Sigmund
   936 | D:2      | HP: 10/40 [something (4)]
   938 | D:2      | HP: 1/40 [something (9)]
   939 | D:2      | Killed Sigmund
   940 | D:2      | Reached skill level 5 in Axes
   940 | D:2      | Reached XP level 5. HP: 2/47 MP: 4/4
  1366 | D:2      | Noticed Natasha
  1379 | D:2      | Killed Natasha
  1517 | D:2      | Noticed Terence
  1521 | D:2      | Killed Terence
  1522 | D:2      | Reached XP level 6. HP: 55/55 MP: 5/5
  1599 | D:3      | Noticed Jessica
  1605 | D:3      | Killed Jessica
  1621 | D:3      | Reached skill level 5 in Shields
  2033 | D:3      | Reached skill level 5 in Fighting
  2034 | D:3      | Reached skill level 5 in Armour
  2041 | D:3      | Found a broken altar of Ashenzari.
  2361 | D:4      | HP: 14/56 [something (2)]
  2362 | D:4      | HP: 6/56 [orc priest/+0 dagger (5)]
  2363 | D:4      | Killed from afar by an orc priest

Vanquished Creatures
  Sigmund (D:2)
  A scorpion (D:4)
  Terence (D:2)
  Jessica (D:3)
  An iguana (D:4)
  Natasha (thrice) (D:2)
  2 adders (D:3)
  A worm (D:3)
  5 dart slugs
  3 orcs
  A bat (D:2)
  6 endoplasms
  2 giant cockroaches
  5 goblins
  2 hobgoblins
  4 jackals (D:2)
  5 kobolds
  A quokka (D:4)
  3 frilled lizards (D:1)
  2 rats
50 creatures vanquished.

Vanquished Creatures (others)
  2 fungi (D:1)
2 creatures vanquished.

Grand Total: 52 creatures vanquished

Table legend:
 A = Non-vault XP
 B = Vault XP
 C = Vault XP percentage of total XP
 D = Non-vault monster count
 E = Vault monster count
 F = Vault count percentage of total count
                 A         B        C        D         E       F
            +---------+---------+-------+---------+---------+-------
      Total |     295 |     340 |  53.5 |      44 |       6 |  12.0
            +---------+---------+-------+---------+---------+-------
        D:1 |      25 |       0 |   0.0 |      14 |       0 |   0.0
        D:2 |      92 |     296 |  76.3 |      14 |       3 |  17.6
        D:3 |      38 |      44 |  53.7 |       7 |       3 |  30.0
        D:4 |     140 |       0 |   0.0 |       9 |       0 |   0.0
            +---------+---------+-------+---------+---------+-------

Illustrated notes

Table legend:
 A = Kills in this place as a percentage of kills in the entire game.
 B = Kills by you in this place as a percentage of kills by you in the entire game.
 C = Kills by friends in this place as a percentage of kills by friends in the entire game.
 D = Other kills in this place as a percentage of other kills in the entire game.
 E = Experience gained in this place as a percentage of experience gained in the entire game.
 F = Experience gained in this place divided by the number of levels of this place that you have seen.
                   A       B       C       D       E      F
               +-------+-------+-------+-------+-------+----------------------
         Total | 100.0 | 100.0 |   N/A |   N/A | 100.0 | 158.8
       Dungeon | 100.0 | 100.0 |   N/A |   N/A | 100.0 | 158.8
               +-------+-------+-------+-------+-------+----------------------

Table legend: (Time is in decaauts)
 A = Elapsed time spent in this place.
 B = Non-inter-level travel time spent in this place.
 C = Inter-level travel time spent in this place.
 D = Time resting spent in this place.
 E = Time spent auto-exploring this place.
 F = Levels seen in this place.
 G = Mean time per level.
                   A        B        C        D        E       F      G
               +--------+--------+--------+--------+--------+-----+--------+
         Total |   2394 |   2348 |     46 |    165 |   1873 |   4 |  598.5 |
       Dungeon |   2394 |   2348 |     46 |    165 |   1873 |   4 |  598.5 |
               +--------+--------+--------+--------+--------+-----+--------+

Top non-repeatable levels by time:
     D:2: 1036 daAuts
     D:1: 582 daAuts
     D:3: 513 daAuts
     D:4: 262 daAuts
